Selects Australian Defense Battlegroup
Selects Australian Light Infantry Section
Australian Light Infantry Section
Construct Section Command Post
Construct Field Infirmary
Selects CMP 15cwt Supply Run
Construct Platoon Command Post
Unlock M3 Stuart Light Tanks
Australian Light Infantry Section
Construct Company Command Post
Selects Reinforced Resource Caches
Selects Archer Tank Destroyer
Australian Light Infantry Section